Cogmind - Beta 13 @@@ ROGUE MODE // 2024.04.24 @ 11:13:19 Player: Zaros426 Result: Destroyed by Autobeam Turret with Autobeam Performance ------------- Evolutions (0) 0 Regions Visited (3) 600 Robots Destroyed (62) 310 Value Destroyed (1320) 1320 Prototype IDs (12) 240 Alien Tech Used (0) 0 Bonus (-56) -56 TOTAL SCORE: 2414 Bonus ------- Follower Combat Kills 75 Friendly Fire -131 Cogmind --------- Core Integrity 0/250 Matter 218/300 Energy 64/100 System Corruption 0% Temperature Cool (8) Movement Walking (190) Ox1 Location -10/Subcaves Parts ------- > --- POWER (1+1) ------ (None) > --- PROPULSION (2+1) - Improved Aluminum Leg Improved Aluminum Leg > --- UTILITY (2+1) ---- Large Storage Unit Structural Scanner (+) Rainbow Chip > --- WEAPON (2+1) ----- Shotgun Shotgun > --- INVENTORY (15) --- Improved Aluminum Leg Improved Aluminum Leg High-capacity Matter Pod (200) Improved Terrain Scanner Seismic Detector Light Armor Plating Scrap Shield Improved Trap Extractor (0/6) Grenade Launcher Subdweller Shrapnel Launcher Improved Grenade Launcher Peak State ------------ > --- POWER ------------ Light Nuclear Core > --- PROPULSION ------- Light Treads Armored Treads > --- UTILITY ---------- Large Storage Unit Structural Scanner Rainbow Chip > --- WEAPON ----------- Shotgun Improved Grenade Launcher > --- INVENTORY -------- Improved Aluminum Leg Improved Aluminum Leg Improved Aluminum Leg Improved Aluminum Leg High-capacity Matter Pod Improved Terrain Scanner Scrap Shield Improved Trap Extractor Shotgun Shotgun Shotgun Grenade Launcher Grenade Launcher [Rating: 29] Favorites ----------- Power Light Ion Engine Engine Light Ion Engine Power Core Light Nuclear Core Propulsion Improved Aluminum Leg Treads Armored Treads Leg Improved Aluminum Leg Utility Large Storage Unit Device Seismic Detector Storage Large Storage Unit Processor Rainbow Chip Protection Light Armor Plating Weapon Shotgun Energy Gun Small Laser Ballistic Gun Shotgun Ballistic Cannon Light Cannon Launcher Grenade Launcher Build | -11 -10 -10 -10 ------- Run | Yrd Mat Min Sub Slots Evolved . | . . . . Power . | . . . . Propulsion . | . . . . Utility . | . . . . Weapon . | . . . . Parts Attached 40 | 7 12 9 12 Power 6 | 1 2 3 . Engine 4 | 1 2 1 . Core 2 | . . 2 . Reactor . | . . . . Propulsion 10 | 2 4 2 2 Treads 2 | . . 2 . Leg 8 | 2 4 . 2 Wheel . | . . . . Hover . | . . . . Flight . | . . . . Utility 9 | 2 2 2 3 Device 3 | 1 . . 2 Storage 2 | 1 1 . . Processor 2 | . 1 . 1 Hackware . | . . . . Protection 2 | . . 2 . Artifact . | . . . . Weapon 15 | 2 4 2 7 Energy Gun 1 | . 1 . . Energy Cannon . | . . . . Ballistic Gun 8 | 2 1 1 4 Ballistic Cannon 1 | . 1 . . Launcher 5 | . 1 1 3 Special Weapon . | . . . . Impact Weapon . | . . . . Slashing Weapon . | . . . . Piercing Weapon . | . . . . Special Melee Weapon . | . . . . Unidentified Prototypes 1 | . . . 1 Parts Lost 10 | . 5 . 5 Power 2 | . 1 . 1 Propulsion 4 | . 2 . 2 Utility . | . . . . Weapon 4 | . 2 . 2 Highest Loss Streak 4 | . 4 . 3 To Critical Strikes 1 | . . . 1 Average Slot Usage (%) 93 | . 98 100 77 Engine 6 | . 13 5 . Core 5 | . . 8 9 Treads 6 | . . 2 20 Leg 20 | . 28 25 . Device 6 | . 13 . 8 Storage 13 | . 14 14 10 Processor 3 | . . 3 6 Protection 4 | . . 10 1 Ballistic Gun 18 | . 14 24 14 Launcher 5 | . 8 3 6 Naked Turns . | . . . . Heaviest Build 35 | 13 30 34 35 Greatest Support 40 | 20 26 40 40 Greatest Overweight (x) 2 | . 2 1 1 Average Overweight (x) . | . . . . Largest Inventory Capacity 15 | 8 15 15 15 Average Capacity 14 | 7 14 15 15 Most Carried 15 | 3 15 15 15 Average Carried 12 | 2 8 14 14 Final Capacity 15 | 8 15 15 15 Final Carried 15 | 3 15 15 12 Class Distribution -------------------- 94% | Mutant 5% | Scavenger-Mutant Dominant Class ---------------- Mutant | -10/Materials Mutant | -10/Mines Mutant | -10/Subcaves Resources | -11 -10 -10 -10 ----------- Run | Yrd Mat Min Sub Matter Collected 1629 | 265 507 487 370 Remotely . | . . . . Salvage Created 1563 | 39 599 781 144 Parts 124 | 4 48 60 12 Haulers Intercepted . | . . . . Recyclers Shooed 2 | 1 1 . . Parts Field Recycled . | . . . . Retrieved Matter . | . . . . Parts Self-Destructed 13 | . . . 13 Prevented . | . . . . Kills | -11 -10 -10 -10 ------- Run | Yrd Mat Min Sub Combat Hostiles Destroyed 38 | . 13 16 9 Guns 29 | . 10 16 3 AOE 9 | . 3 . 6 Classes Destroyed 9 | 1 6 . 2 Worker 8 | . 5 3 . Builder 1 | . 1 . . Tunneler 9 | 2 . 7 . Recycler 2 | . 2 . . Watcher 3 | . 3 . . Swarmer 10 | . 6 . 4 Grunt 26 | . 7 17 2 Sentry 1 | . . . 1 Subdweller 2 | . . . 2 Best Kill Streak 14 | 2 14 14 4 Combat Bots Only 8 | . 8 7 4 Max Kills in Single Turn 4 | 1 2 2 4 Gunslinging 1 | . . 1 . Exploded 4 | . 2 . 4 Melee . | . . . . Uniques/NPCs Destroyed . | . . . . Combat | -11 -10 -10 -10 -------- Run | Yrd Mat Min Sub Hostile Shots Fired 238 | . 103 47 88 Missed 71 | . 27 19 25 Damage Taken 2039 | . 736 363 940 Core 258 | . 102 21 135 Absorbed by Shields . | . . . . Core Remaining (%) 100 | 100 . . . Volleys Fired 154 | 4 79 42 29 Largest 2 | 2 2 2 2 Hottest 70 | 40 70 46 46 Shots Fired 273 | 8 142 79 44 Gun 241 | 8 128 75 30 Cannon . | . . . . Launcher 32 | . 14 4 14 Special . | . . . . Kinetic 237 | 8 124 75 30 Thermal 4 | . 4 . . Explosive 32 | . 14 4 14 Electromagnetic . | . . . . Robot Hit Streak 10 | 3 10 8 6 Robot Miss Streak 5 | 1 5 5 4 Penetration Max . | . . . . Secondary Targets 6 | . 2 4 . Max Gunslinging Chain 1 | . 1 1 . Shots Hit Robots 156 | 5 63 62 26 Core Hits 93 | 3 33 43 14 Critical Kills 3 | . 2 1 . Critical Parts Destroyed 2 | . . 1 1 Critical Strikes 5 | . 2 2 1 Destroy 5 | . 2 2 1 Melee Attacks . | . . . . Impact . | . . . . Slashing . | . . . . Piercing . | . . . . Sneak Attacks . | . . . . Combat Hostiles . | . . . . Follow-up Attacks . | . . . . Damage Inflicted 3390 | 77 1454 1079 780 Guns 2250 | 77 803 1042 328 Cannons . | . . . . Explosions 1140 | . 651 37 452 Melee . | . . . . Ramming . | . . . . Kinetic 2228 | 77 781 1042 328 Thermal 22 | . 22 . . Explosive 1140 | . 651 37 452 Electromagnetic . | . . . . Impact . | . . . . Slashing . | . . . . Piercing . | . . . . Highest Corruption . | . . . . Average Corruption . | . . . . Corruption Purged . | . . . . Corruption Blocked . | . . . . Overload Shots . | . . . . Overflow Damage 82 | . 68 . 14 Projectiles . | . . . . Explosions 82 | . 68 . 14 Melee . | . . . . Knockbacks . | . . . . Impact . | . . . . Kinetic . | . . . . Secondary . | . . . . Self-Inflicted Damage 41 | . 14 . 27 Shots 3 | . 2 . 1 Rammed . | . . . . Targets Rammed . | . . . . Kicked . | . . . . Crushed . | . . . . Highest Temperature 24 | . 21 24 . Average Temperature 8 | . 9 8 . Received Heat Transfer 729 | . 177 183 369 Siege Activations . | . . . . Robots Corrupted . | . . . . Combat Hostiles . | . . . . Parts Fried . | . . . . Impact Corruptions . | . . . . Robots Melted . | . . . . Combat Hostiles . | . . . . Parts Melted . | . . . . Heat Transferred 50 | . 50 . . Parts Sabotaged . | . . . . Parts Stolen . | . . . . Parts Stripped . | . . . . Power Chain Reactions . | . . . . Alert | -11 -10 -10 -10 ------- Run | Yrd Mat Min Sub Peak Influence 304 | 10 170 304 . Initial 18 | . 6 18 . Average 88 | 2 87 92 . Maximum Alert Level 1 | . . 1 . Low Security (%) 86 | 100 100 75 . Level 1 13 | . . 24 . Level 2 . | . . . . Level 3 . | . . . . Level 4 . | . . . . Level 5 . | . . . . High Security . | . . . . Max Security . | . . . . Squads Dispatched 3 | . 3 . . Investigation 2 | . 2 . . Extermination . | . . . . Reinforcement 1 | . 1 . . Assault . | . . . . Garrison . | . . . . Intercept . | . . . . Searches Triggered . | . . . . Construction Impeded . | . . . . Haulers Reinforced . | . . . . Active Scanning Responses . | . . . . Cargo Convoy Interrupts . | . . . . Stealth | -11 -10 -10 -10 --------- Run | Yrd Mat Min Sub Distress Signals 4 | . 2 2 . Communications Jammed . | . . . . Distress Signals . | . . . . Times Spotted 81 | . 23 20 38 Peak Tracking Total 7 | . 5 3 7 Tactical Retreats 5 | . . 1 4 Traps | -11 -10 -10 -10 ------- Run | Yrd Mat Min Sub Traps Triggered . | . . . . Indirectly . | . . . . Trap Hack Attempts . | . . . . Triggered . | . . . . Disarmed . | . . . . Reprogrammed . | . . . . Reused . | . . . . Traps Extracted . | . . . . Installed . | . . . . Triggered . | . . . . Machines | -11 -10 -10 -10 ---------- Run | Yrd Mat Min Sub Machines Disabled 10 | . 7 . 3 Max in Single Turn 2 | . 2 . 2 Machines Repaired . | . . . . Machines Dismantled . | . . . . Machines Sabotaged . | . . . . Overloaded Fab Kills . | . . . . Hacking | -11 -10 -10 -10 --------- Run | Yrd Mat Min Sub Machines Accessed 10 | . 7 2 1 Terminals 8 | . 7 1 . Fabricators . | . . . . Repair Stations . | . . . . Recycling Units . | . . . . Scanalyzers . | . . . . Garrison Access . | . . . . Total Hacks 38 | . 25 4 9 Successful 27 | . 15 3 9 Failed 10 | . 9 1 . Catastrophic 2 | . 1 1 . Database Lockouts 1 | . 1 . . Manual 21 | . 20 1 . Terminals 28 | . 25 3 . Fabricators . | . . . . Repair Stations . | . . . . Recycling Units . | . . . . Scanalyzers . | . . . . Garrison Access . | . . . . Terminal Hacks 23 | . 11 3 9 Record 10 | . 2 . 8 Robot Analysis 2 | . 2 . . Prototype ID Bank 1 | . 1 . . Open Door 1 | . . 1 . Alert Level 2 | . 1 1 . Unreport Threat 1 | . 1 . . Locate Traps 1 | . 1 . . Maintenance Status 1 | . 1 . . Patrol Status 1 | . . 1 . Hauler Manifests 1 | . 1 . . Zone Layout 1 | . 1 . . Derelict Proto ID Bank 1 | . . . 1 Fabricator Hacks . | . . . . Repair Station Hacks . | . . . . Recycling Unit Hacks . | . . . . Scanalyzer . | . . . . Garrison Access Hacks . | . . . . Unauthorized Hacks 4 | . 4 . . Terminals 4 | . 4 . . Track 1 | . 1 . . Botnet 2 | . 2 . . Sabotage 1 | . 1 . . Fabricators . | . . . . Repair Stations . | . . . . Recycling Units . | . . . . Scanalyzers . | . . . . Garrison Access . | . . . . Data Cores Recovered . | . . . . Used . | . . . . Hacking Detections 8 | . 7 1 . Full Trace Events 1 | . 1 . . Feedback Events . | . . . . Feedback Blocked . | . . . . Robot Schematics Acquired . | . . . . Robots Built . | . . . . Authchips . | . . . . Time . | . . . . Total Robot Build Rating . | . . . . Part Schematics Acquired . | . . . . Parts Built . | . . . . Authchips . | . . . . Time . | . . . . Total Part Build Rating . | . . . . Parts Repaired . | . . . . Time . | . . . . Parts Recycled . | . . . . Recycled Matter . | . . . . Retrieved Matter . | . . . . Retrieved Components . | . . . . Parts Scanalyzed . | . . . . Part Schematics Acquired . | . . . . Parts Damaged . | . . . . Bothacking | -11 -10 -10 -10 ------------ Run | Yrd Mat Min Sub Used RIF Installer . | . . . . Robots Hacked . | . . . . Non-combat . | . . . . Combat . | . . . . Robot Hacks Applied . | . . . . Relay Couplers Released . | . . . . Fabnet Peak Effective % . | . . . . Robots Rewired . | . . . . Allies Hacked . | . . . . Hacks Repelled . | . . . . Allies | -11 -10 -10 -10 -------- Run | Yrd Mat Min Sub Total Allies 3 | . . 3 . Largest Group 3 | . . 3 . Highest-Rated Group 40 | . . 40 . Highest-Rated Ally 16 | . . 16 . Total Orders . | . . . . Ally Attacks 26 | . . 26 . Total Damage 255 | . . 255 . Kills 3 | . . 3 . Allies Corrupted . | . . . . Allies Melted . | . . . . Intel | -11 -10 -10 -10 ------- Run | Yrd Mat Min Sub Robot Analysis Total 2 | . 2 . . Derelict Logs Recovered 3 | . . . 3 Drone Launches . | . . . . Drone Recoveries . | . . . . Exploration | -11 -10 -10 -10 ------------- Run | Yrd Mat Min Sub Turns Passed 4453 | 87 1464 1812 1090 Spaces Moved 1953 | 58 666 630 599 Core 10 | 10 . . . Treads 685 | . . 92 593 Legs 1258 | 48 666 538 6 Wheels . | . . . . Hover . | . . . . Flight . | . . . . Fastest Speed 50 | 50 120 165 165 Average Speed 175 | 107 180 186 165 Slowest Speed 260 | 120 260 250 190 Overloaded Moves . | . . . . Propulsion Burnouts . | . . . . Robots Hopped . | . . . . Cave-ins Triggered . | . . . . Exploration Rate (%) 58 | 6 97 99 32 Regions Visited 3 Branch Regions 2 Pre-discovered Areas . | . . . . Known Exits Taken 1 | . 1 . . Unknown Exits Taken 2 | 1 . 1 . Scrap Searched 9 | . . 1 8 Spaces Dug 6 | . . . 6 Terrain Destroyed 176 | . 99 20 57 Melee . | . . . . Projectile . | . . . . AOE 176 | . 99 20 57 Terrain Rammed . | . . . . Walls Destroyed . | . . . . Machines Disabled . | . . . . Actions | -11 -10 -10 -10 --------- Run | Yrd Mat Min Sub Total 2706 | 71 790 1189 656 Wait 506 | . 8 490 8 Move 1950 | 57 665 629 599 Hop . | . . . . Pick Up 33 | 3 18 8 4 Fast Attach 14 | 7 3 3 1 Attach 9 | . 3 . 6 Detach . | . . . . Swap 17 | . 6 6 5 Drop 23 | . 8 11 4 Fire 154 | 4 79 42 29 Melee . | . . . . Ram . | . . . . Kick . | . . . . Crush . | . . . . Escape Stasis . | . . . . Rewire . | . . . . Trap . | . . . . Miscellaneous . | . . . . Route ------- -11/Scrapyard -10/Materials (discovered 5 exits: [*Mat x3] / *Min x2) -10/Mines (discovered 3 exits: [*Mat x2] / *Sub) -10/Subcaves (discovered 1 exit: [Rec]) History --------- Turn | Location | Event 14 | -11/Scrapyard | Discovered new exit (range 16) 88 | -11/Scrapyard | Entered Materials 291 | -10/Materials | Discovered new exit (range 6) 301 | -10/Materials | Build established: Mutant 325 | -10/Materials | Discovered new exit (range 4) 564 | -10/Materials | Destroyed 8 combat bots 611 | -10/Materials | Central database locked down 686 | -10/Materials | Lost 4 parts (2n2w) 712 | -10/Materials | Discovered new exit (range 11) 1079 | -10/Materials | Discovered new exit (range 4) 1297 | -10/Materials | Discovered new exit (range 16) 1544 | -10/Materials | Identified exit to Mines 1552 | -10/Materials | Entered Mines 1559 | -10/Mines | Excavation squad dispatched 1559 | -10/Mines | A large section of the Mines collapsed 1809 | -10/Mines | Excavation squad dispatched 2059 | -10/Mines | Excavation squad dispatched 2309 | -10/Mines | Excavation squad dispatched 2543 | -10/Mines | Received a Rocket Launcher from a helpful Derelict 2559 | -10/Mines | Excavation squad dispatched 2666 | -10/Mines | Assisted by bots powering up and referring to "LRC-V3" 2683 | -10/Mines | Discovered new exit (range 13) 2722 | -10/Mines | Met a Derelict who couldn't figure out how to use a Trap Extractor 2956 | -10/Mines | Destroyed 7 combat bots 3191 | -10/Mines | A weapon hastily lodged in a ceiling crevice suddenly fell to the ground 3285 | -10/Mines | Discovered new exit (range 14) 3353 | -10/Mines | Discovered new exit (range 7) 3364 | -10/Mines | Entered Subcaves 3382 | -10/Subcaves | Core integrity fell below 50% 3589 | -10/Subcaves | Visited 4L-MR0's lab 3596 | -10/Subcaves | Learned 2 Materials zone layouts 3625 | -10/Subcaves | Found Prototype Processor 3625 | -10/Subcaves | Identified Rainbow Chip 3626 | -10/Subcaves | Attached Rainbow Chip, gained temporary slots: Power, Propulsion, Utility, Weapon 4015 | -10/Subcaves | Learned Materials terminal intel 4132 | -10/Subcaves | Learned 2 Materials zone layouts 4320 | -10/Subcaves | Disturbed a concealed Subdweller 4438 | -10/Subcaves | Discovered new exit (range 10) 4441 | -10/Subcaves | Core integrity fell below 20% 4454 | -10/Subcaves | Destroyed by Autobeam Turret with Autobeam Last Messages --------------- 04214_ Heat Sink fries itself beyond repair. 04214_ Acquired Lgt. Armor Plating. 04215_ Acquired 42 matter. 04225_ Acquired 6 matter. 04227_ Acquired 4 matter. 04228_ Acquired 6 matter. 04242_ Acquired 2 matter. 04294_ Acquired 12 matter. 04320_ EH-QJM(R) angrily emerges from the Twisted Machinery. 04321_ EH-QJM(R): "SUBSUB!" 04321_ Lgt. Nuclear Core destroyed. 04331_ EH-QJM(R) affixes Scrap Shield Fragment to Scrap Shield. 04336_ EH-QJM(R) destroyed. 04339_ Acquired 36 matter. 04438_ Machine disabled. 04438_ EXIT=FOUND 04439_ Grenade Launcher destroyed. 04442_ Lgt. Treads destroyed. 04444_ Critical hit (Destroy). 04444_ Arm. Treads destroyed. Map ----- +----------------------------------------------------+ | ????????????????????????" ???????????????????????? | | ???????????????????????? "##????????????????????? | | ????????????????????????? "##???###??????????????? | | ????????????????????????? ??? ##?? ???????????? | | ????????????????????????? """? # ???????????? | | ????????????????????????? """" ## ????????????? | | ???????????????????????? """" ?????????????? | | ????????????????????????## """" ??????????????? | | ????????????????????????## ????????????????? | | ???????????????#####???### ##????????????????? | | ?????????#####?########### ##????????????????? | | ?????############ ####### ###????????????????? | | ????####### ##### ###?????????????????? | | ????### ## ###??????????????????? | | ???### ####?????????????????? | | ??#### ####????????????????? | | #?### ##### ####???????????????? | | #### ### ####### R ###???????????????? | | #### ###### ####?## ## ##???????????????? | | ####### ##??#### ##???????????????? | | ##### ####### ##???????????????? | | #### ###### ###??????????????? | | #### ##### ####?????????????? | | ## #" " ###?????????????? | | # ## # ###????????????? | | ### ## # @ # ##????????????? | | #### t #### ####????????????? | | ### <## #####????????????? | | ## t"???## ####??????????????? | | #### # # ???#######???????????????? | | #### ### #### ????######????????????????? | | # # ## ####" "??????????????????????????? | | # ########??????????????????????????? | | ########??????????????????????????? | | [# ## ##???????????????????????????????? | | ###### ##???????????????????????????????? | | ######## #########???????????????????????????????? | | ????##############???????????????????????????????? | | ??????#####??????????????????????????????????????? | | ?????????????????????????????????????????????????? | | ?????????????????????????????????????????????????? | | ?????????????????????????????????????????????????? | | ?????????????????????????????????????????????????? | | ?????????????????????????????????????????????????? | | ?????????????????????????????????????????????????? | | ?????????????????????????????????????????????????? | | ?????????????????????????????????????????????????? | | ?????????????????????????????????????????????????? | | ?????????????????????????????????????????????????? | | ?????????????????????????????????????????????????? | +----------------------------------------------------+ Best States ------------- Heat Dissipation 25 Energy Generation 14 Energy Capacity 160 Matter Stores 300 Matter Capacity 300 Sight Range 16 Terrain Scan Density 10 Armor Coverage 150 Evasion (%) 55 Recoil Reduction 2 Item Schematics ----------------- None Robot Schematics ------------------ None Fabricated ------------ Nothing Alien Tech Used ----------------- None Achievements -------------- Brute Force Challenges ------------ None Game ------ Seed FlyingAntimissileTube Manual? 0 Play Time 00:28:41 Cumulative 66.6 hours Start 2024.04.24 @ 10:44:50 End 2024.04.24 @ 11:13:19 Sessions 1 Manual Loads 0 Difficulty Rogue Special Mode None Game No. 74 Rogue 74 Adventurer 0 Explorer 0 Win Type - Total 0 Types 0/0/0/0/0/0/0/0/0 Lore% 33 Gallery% 50 Achievement% 36 Wizard Run 0 Options --------- Layout 0 ASCII 0 Keyboard 0 Movement Mouse Keybinds 0 Fullscreen 2 Font 24/Smallcaps Map View 183x50 Zoom Use 0% Tactical HUD 1 Map Filters NONE Filters NONE Steam 0 RUN: 37f0b9f4-8984-4b7d-8f19-df3899c49174